AoeStats
← Coaltrain

Arabia

503929266Analyzed
1v1 RM · 29d ago on Sep 3, 2026· 27m 34s· 2 players
Game mode
Random Map
Map size
Tiny (2 player)
Population
200
Speed
Normal
Resources
Standard
Victory
Conquest
Starting age
Dark Age
Ending age
Imperial Age
RankedLock teamsTeams togetherTeam positionsShared explorationLock speedFull tech treeHidden civsTurbo modeCheats
Victory
Defeat
🇺🇸 Gurjaras · United States
1615
+16
🇧🇷 Mongols · Brazil
1610
-16
AnikilaTV
7:50 Loom
10:53 Feudal Age
11:39 Double-Bit Axe
11:18 Man-at-Arms
24:42 Castle Age
23:54 Town Watch
23:51 Horse Collar
25:45 Bow Saw
Coaltrain
4:44 Loom
9:45 Feudal Age
16:27 Fletching
20:31 Wheelbarrow
22:47 Castle Age
22:31 Bloodlines
22:55 Scale Barding Armor
23:17 Double-Bit Axe
24:07 Light Cavalry
28:09 Wheelbarrow
Connection lost

Rejoining the realm…

Still unreachable

The connection could not be restored.

Session expired

The server has moved on; the page needs a fresh start.